[Event "41st Nezhmetdinov Memorial 2019"]
[Site "Kazan"]
[Date "2019.05.31"]
[Round "1.10"]
[White "Bagautdinov, Ilgiz"]
[Black "Iljiushenok, Ilia"]
[Result "0-1"]
[ECO "D93"]
[WhiteElo "2018"]
[BlackElo "2477"]
[Annotator "ChessBase"]
[PlyCount "70"]
[EventDate "2019.05.31"]
[EventType "swiss"]
[EventCountry "RUS"]
[SourceTitle "playchess.com"]
[Source "ChessBase"]
[SourceQuality "1"]
[TimeControl "5400+30"]

1. d4 Nf6 2. c4 g6 3. Nc3 d5 4. Nf3 Bg7 5. Bf4 O-O 6. e3 c5 7. dxc5 Ne4 8. Rc1 Nxc3 9. bxc3 Qa5 10. Qb3 dxc4 11. Bxc4 Qxc5 12. Ng5 e6 13. O-O Nc6 14. Ne4 Qh5 15. Ng3 Qh4 16. Qa4 Ne5 17. Bb5 Qe7 18. Ne4 a6 19. Rfd1 h6 20. f3 Kh7 21. Be2 f5 22. Nf2 g5 23. Bg3 Rf7 24. f4 Nc6 25. fxg5 Qxg5 26. Bf4 Qg6 27. Bc4 b5 28. Bxb5 axb5 29. Qxa8 Bb7 30. Qe8 Nd4 31. Bg3 Ne2+ 32. Kf1 Nxc1 33. Rxc1 e5 34. e4 fxe4 35. Re1 Rxf2+ 0-1

[Event "41st Nezhmetdinov Memorial 2019"]
[Site "Kazan"]
[Date "2019.06.01"]
[Round "2.3"]
[White "Shoboev, Dandar"]
[Black "Timofeev, Artyom"]
[Result "0-1"]
[ECO "D85"]
[WhiteElo "2288"]
[BlackElo "2602"]
[Annotator "RC"]
[PlyCount "82"]
[EventDate "2019.05.31"]
[EventType "swiss"]
[EventCountry "RUS"]
[SourceTitle "playchess.com"]
[Source "ChessBase"]
[SourceQuality "1"]
[TimeControl "5400+30"]

1. d4 Nf6 2. c4 g6 3. Nc3 d5 4. cxd5 Nxd5 5. e4 Nxc3 6. bxc3 Bg7 7. Nf3 c5 8. Be3 Qa5 9. Qd2 O-O 10. Rc1 Bg4 11. d5 Bxf3 12. gxf3 Nd7 13. c4 Qa3 14. f4 Rad8 15. Bg2 e5 16. O-O exf4 17. Bxf4 Bd4 18. Rfe1 Ne5 19. Bxe5 Bxe5 20. f4 Bd4+ 21. Kh1 f6 22. Re2 Rfe8 23. Rf1 Qa6 24. Qd3 Kh8 25. Rfe1 Qd6 26. Qg3 Qa6 27. Qd3 Qa5 28. Bh3 a6 29. Rb1 Qc7 30. Qg3 b5 31. cxb5 axb5 32. Be6 b4 33. Rd1 Bc3 34. Rd3 c4 35. Rxc3 bxc3 36. Rf2 Rxe6 37. dxe6 Qc6 38. Re2 Rd1+ 39. Kg2 Qxe6 40. Kf2 Rd3 41. Qg2 Qb6+ 0-1

[Event "41st Nezhmetdinov Memorial 2019"]
[Site "Kazan"]
[Date "2019.06.01"]
[Round "2.6"]
[White "Puranik, Abhimanyu"]
[Black "Shafigullina, Zarina"]
[Result "0-1"]
[ECO "A05"]
[WhiteElo "2548"]
[BlackElo "2240"]
[Annotator "ChessBase"]
[PlyCount "118"]
[EventDate "2019.05.31"]
[EventType "swiss"]
[EventCountry "RUS"]
[SourceTitle "playchess.com"]
[Source "ChessBase"]
[SourceQuality "1"]
[TimeControl "5400+30"]

1. Nf3 Nf6 2. g3 b6 3. Bg2 Bb7 4. O-O e6 5. d3 Be7 6. e4 d6 7. b3 Nbd7 8. Bb2 c5 9. Nbd2 Qc7 10. a4 a6 11. Qe2 O-O 12. h3 Rfe8 13. Nh4 b5 14. f4 bxa4 15. Rxa4 Nb6 16. Ra2 d5 17. c4 a5 18. cxd5 exd5 19. e5 Bf8 20. Qf3 Nfd7 21. Rfa1 a4 22. bxa4 c4 23. d4 Nb8 24. a5 Nc8 25. Bc3 Na7 26. Rb1 Bc6 27. Rab2 Qd7 28. Rb6 Rd8 29. f5 Qe8 30. Bb4 Bxb4 31. R6xb4 Nb5 32. f6 Nxd4 33. Qg4 Ne6 34. fxg7 Nxg7 35. Ndf3 Bd7 36. Qf4 Na6 37. Rb6 Nc5 38. Qh6 Ne4 39. Ng5 Nxg5 40. Qxg5 Be6 41. a6 Ra7 42. Bxd5 h6 43. Qxh6 Bxd5 44. Qg5 Be6 45. Rxe6 fxe6 46. Ng6 Rf7 47. a7 Qd7 48. Qh4 Qxa7+ 49. Kh1 Qa8+ 50. Kg1 Qa7+ 51. Kh1 Qa8+ 52. Kg1 Rf3 53. Ne7+ Kf7 54. Qg4 Nf5 55. Nxf5 Rxf5 56. Qh4 Rh8 57. Qd4 Qd5 58. Qa7+ Kg6 59. g4 Rxe5 0-1

[Event "41st Nezhmetdinov Memorial 2019"]
[Site "Kazan"]
[Date "2019.06.01"]
[Round "2.7"]
[White "Semenova, Elena"]
[Black "Tsydypov, Zhamsaran"]
[Result "0-1"]
[ECO "B00"]
[WhiteElo "2255"]
[BlackElo "2546"]
[Annotator "ChessBase"]
[PlyCount "54"]
[EventDate "2019.05.31"]
[EventType "swiss"]
[EventCountry "RUS"]
[SourceTitle "playchess.com"]
[Source "ChessBase"]
[SourceQuality "1"]
[TimeControl "5400+30"]

1. e4 Nc6 2. d4 d5 3. e5 Bf5 4. c3 e6 5. Bd3 Nge7 6. Ne2 f6 7. exf6 gxf6 8. Nf4 Bxd3 9. Qxd3 e5 10. Ne6 Qd7 11. Qh3 Nd8 12. Qh5+ Nf7 13. Qh3 Ng6 14. f4 Nd8 15. f5 Nxe6 16. fxe6 Qb5 17. a4 Qa6 18. b4 exd4 19. b5 Qb6 20. O-O dxc3+ 21. Kh1 d4 22. Rxf6 Be7 23. Nxc3 dxc3 24. Be3 Qd6 25. Rxg6 O-O-O 26. Rg7 Qd1+ 27. Rxd1 Rxd1+ 0-1

[Event "41st Nezhmetdinov Memorial 2019"]
[Site "Kazan"]
[Date "2019.06.01"]
[Round "2.8"]
[White "Frolyanov, Dmitry"]
[Black "Maletina, Tatiana"]
[Result "1-0"]
[ECO "D15"]
[WhiteElo "2538"]
[BlackElo "2273"]
[Annotator "ChessBase"]
[PlyCount "61"]
[EventDate "2019.05.31"]
[EventType "swiss"]
[EventCountry "RUS"]
[SourceTitle "playchess.com"]
[Source "ChessBase"]
[SourceQuality "1"]
[TimeControl "5400+30"]

1. Nf3 d5 2. d4 Nf6 3. c4 c6 4. Nc3 a6 5. Qc2 g6 6. Bg5 Bg7 7. Bxf6 exf6 8. cxd5 cxd5 9. Qb3 Nc6 10. Qxd5 Qb6 11. Qb3 Nb4 12. e4 O-O 13. Bc4 Bg4 14. O-O Bxf3 15. gxf3 Rac8 16. Rfd1 Qd6 17. Bf1 Nc6 18. Nd5 f5 19. e5 Qd8 20. f4 g5 21. Bg2 gxf4 22. Nxf4 Nxd4 23. Qe3 Rc4 24. b3 Rb4 25. Nd5 f4 26. Qh3 f3 27. Nxb4 fxg2 28. Qg4 Qg5 29. Rxd4 Qxe5 30. Rad1 Re8 31. Rd8 1-0

[Event "41st Nezhmetdinov Memorial 2019"]
[Site "Kazan"]
[Date "2019.06.01"]
[Round "2.10"]
[White "Kulikov, Almaz"]
[Black "Moiseenko, Vadim"]
[Result "1/2-1/2"]
[ECO "C68"]
[WhiteElo "2253"]
[BlackElo "2525"]
[Annotator "ChessBase"]
[PlyCount "97"]
[EventDate "2019.05.31"]
[EventType "swiss"]
[EventCountry "RUS"]
[SourceTitle "playchess.com"]
[Source "ChessBase"]
[SourceQuality "1"]
[TimeControl "5400+30"]

1. e4 e5 2. Nf3 Nc6 3. Bb5 a6 4. Bxc6 dxc6 5. O-O Qf6 6. d4 exd4 7. Qxd4 Bg4 8. Nc3 Rd8 9. Qxf6 Nxf6 10. Bf4 Bxf3 11. gxf3 Rd7 12. Rad1 Nh5 13. Rxd7 Kxd7 14. Rd1+ Bd6 15. Be3 Re8 16. Ne2 g6 17. Nf4 Nxf4 18. Bxf4 Ke6 19. Be3 f5 20. Kg2 Kf7 21. exf5 gxf5 22. f4 b5 23. Kf3 c5 24. Rg1 Be7 25. Rd1 Bd6 26. Rg1 h6 27. b3 Re4 28. h4 c4 29. h5 cxb3 30. cxb3 c5 31. Rd1 Ke6 32. Rg1 Kd5 33. Rg6 Re6 34. Rg7 Re7 35. Rg6 c4 36. Rxh6 c3 37. Rh8 c2 38. Rc8 Bc7 39. Bc1 Kc6 40. h6 Rh7 41. Ke2 Rxh6 42. Kd3 Rh2 43. Rf8 Rxf2 44. Rxf5 Bd6 45. Rh5 a5 46. a4 bxa4 47. bxa4 Bxf4 48. Bxf4 Rxf4 49. Kxc2 1/2-1/2

[Event "41st Nezhmetdinov Memorial 2019"]
[Site "Kazan"]
[Date "2019.06.02"]
[Round "3.4"]
[White "Tsydypov, Zhamsaran"]
[Black "Tunik, Gennady"]
[Result "1/2-1/2"]
[ECO "B46"]
[WhiteElo "2546"]
[BlackElo "2373"]
[Annotator "ChessBase"]
[PlyCount "80"]
[EventDate "2019.05.31"]
[EventType "swiss"]
[EventCountry "RUS"]
[SourceTitle "playchess.com"]
[Source "ChessBase"]
[SourceQuality "1"]
[TimeControl "5400+30"]

1. e4 c5 2. Nf3 e6 3. d4 cxd4 4. Nxd4 Nc6 5. Nc3 a6 6. Bf4 d6 7. Nxc6 bxc6 8. Qd3 e5 9. Bg3 Qc7 10. f4 Nf6 11. O-O-O Be7 12. Be2 O-O 13. Qc4 Qa5 14. f5 Rb8 15. Bf2 Bd7 16. Be1 Qb6 17. b3 d5 18. exd5 cxd5 19. Nxd5 Nxd5 20. Qxd5 Bxf5 21. Qxe5 Bg6 22. Qxe7 Rfe8 23. Qd6 Rxe2 24. Qxb6 Rxc2+ 25. Kb1 Rc6+ 26. Kb2 Rcxb6 27. Bc3 Be4 28. Rd2 h5 29. Re1 Re6 30. Re3 Rbe8 31. Rde2 g5 32. Rg3 g4 33. Rge3 f5 34. g3 Kf7 35. Bd2 Bf3 36. Rxe6 Rxe6 37. Rxe6 Kxe6 38. Kc3 Kd5 39. Kd3 Be4+ 40. Ke3 Bb1 1/2-1/2

[Event "41st Nezhmetdinov Memorial 2019"]
[Site "Kazan"]
[Date "2019.06.02"]
[Round "3.5"]
[White "Anikonov, Dmitry"]
[Black "Frolyanov, Dmitry"]
[Result "1/2-1/2"]
[ECO "E04"]
[WhiteElo "2372"]
[BlackElo "2538"]
[Annotator "ChessBase"]
[PlyCount "60"]
[EventDate "2019.05.31"]
[EventType "swiss"]
[EventCountry "RUS"]
[SourceTitle "playchess.com"]
[Source "ChessBase"]
[SourceQuality "1"]
[TimeControl "5400+30"]

1. d4 Nf6 2. c4 e6 3. g3 d5 4. Nf3 dxc4 5. Bg2 a6 6. O-O Nc6 7. e3 Bd7 8. Qe2 b5 9. b3 cxb3 10. axb3 Be7 11. Bb2 O-O 12. Nc3 Nb4 13. Ne5 Rc8 14. Rfd1 Be8 15. Ba3 Bd6 16. Bxb4 Bxb4 17. Na2 Be7 18. b4 Nd5 19. Qb2 c6 20. Rdc1 a5 21. bxa5 Qxa5 22. Nc3 Qd8 23. Ne4 Nb6 24. Qb3 Kh8 25. Ra7 Na4 26. Nd3 Ra8 27. Rb7 Rb8 28. Ra7 Ra8 29. Rb7 Rb8 30. Ra7 Ra8 1/2-1/2

[Event "41st Nezhmetdinov Memorial 2019"]
[Site "Kazan"]
[Date "2019.06.02"]
[Round "3.6"]
[White "Bublei, Pavel"]
[Black "Iljiushenok, Ilia"]
[Result "0-1"]
[ECO "A48"]
[WhiteElo "2362"]
[BlackElo "2549"]
[Annotator "ChessBase"]
[PlyCount "58"]
[EventDate "2019.05.31"]
[EventType "swiss"]
[EventCountry "RUS"]
[SourceTitle "playchess.com"]
[Source "ChessBase"]
[SourceQuality "1"]
[TimeControl "5400+30"]

1. d4 Nf6 2. Nf3 g6 3. c4 Bg7 4. g3 O-O 5. Bg2 d6 6. O-O Nc6 7. Nc3 Rb8 8. h3 a6 9. e4 b5 10. cxb5 axb5 11. e5 Nd7 12. Ng5 dxe5 13. Bxc6 exd4 14. Ne2 e5 15. f4 h6 16. Nf3 Rb6 17. Bxd7 Bxd7 18. Nxe5 Bxh3 19. Rf2 c5 20. Kh2 Bc8 21. Bd2 Re6 22. Nf3 Qd5 23. g4 Bb7 24. f5 Re4 25. Nf4 Qd6 26. Kh3 Rxf4 27. Bxf4 Qxf4 28. Qd2 Qd6 29. Nh4 g5 0-1

[Event "41st Nezhmetdinov Memorial 2019"]
[Site "Kazan"]
[Date "2019.06.02"]
[Round "3.7"]
[White "Yatzenko, Anton"]
[Black "Maiorov, Nikita"]
[Result "1-0"]
[ECO "B08"]
[WhiteElo "2354"]
[BlackElo "2527"]
[Annotator "ChessBase"]
[PlyCount "148"]
[EventDate "2019.05.31"]
[EventType "swiss"]
[EventCountry "RUS"]
[SourceTitle "playchess.com"]
[Source "ChessBase"]
[SourceQuality "1"]
[TimeControl "5400+30"]

1. e4 d6 2. d4 Nf6 3. Nc3 g6 4. Nf3 Bg7 5. Be2 O-O 6. O-O a6 7. a4 b6 8. Re1 Bb7 9. Bf1 e6 10. h3 Nc6 11. Bg5 h6 12. Bh4 Ne7 13. Qd2 Kh7 14. Rad1 Qe8 15. Bd3 Nh5 16. g4 Nf6 17. Bg3 Nd7 18. Ne2 f5 19. gxf5 exf5 20. Nf4 fxe4 21. Bxe4 Bxe4 22. Rxe4 Nf6 23. Re2 Qd7 24. Rde1 Nfd5 25. c4 Nxf4 26. Rxe7 Nxh3+ 27. Kg2 Qg4 28. Nh2 Qf5 29. Rxc7 Rac8 30. Ree7 Rxc7 31. Rxc7 Ng5 32. Qe2 Ne6 33. Rb7 Nxd4 34. Qg4 Qd3 35. Bxd6 Rf5 36. Bg3 Qxc4 37. Qe4 Qc5 38. Ng4 Qc6 39. Qxc6 Nxc6 40. Rxb6 Ne7 41. Rxa6 Bxb2 42. Ra7 Ba3 43. Ne3 Rg5 44. Kf3 Bc5 45. Rc7 Kg8 46. Bf4 Rh5 47. Ng4 Kf8 48. Nf6 Rf5 49. Nd7+ Ke8 50. Nxc5 Rxf4+ 51. Kxf4 Nd5+ 52. Ke5 Nxc7 53. Kf6 g5 54. Kg6 Ke7 55. Kxh6 Kf6 56. Ne4+ Kf5 57. Nxg5 Kf4 58. a5 Na6 59. Kg6 Nb4 60. Kf6 Kg4 61. Kg6 Kf4 62. Kh5 Na6 63. Nh3+ Kf3 64. Kg5 Nb4 65. Kf5 Na6 66. Ke5 Nb4 67. Kd6 Na6 68. Kc6 Kg2 69. f4 Kxh3 70. f5 Nb4+ 71. Kb7 Nd3 72. f6 Kg4 73. f7 Nc5+ 74. Kc8 Ne6 1-0

[Event "41st Nezhmetdinov Memorial 2019"]
[Site "Kazan"]
[Date "2019.06.02"]
[Round "3.8"]
[White "Yudin, Sergei"]
[Black "Smirnov, Timofey"]
[Result "1/2-1/2"]
[ECO "B52"]
[WhiteElo "2507"]
[BlackElo "2335"]
[Annotator "ChessBase"]
[PlyCount "95"]
[EventDate "2019.05.31"]
[EventType "swiss"]
[EventCountry "RUS"]
[SourceTitle "playchess.com"]
[Source "ChessBase"]
[SourceQuality "1"]
[TimeControl "5400+30"]

1. e4 c5 2. Nf3 d6 3. Bb5+ Bd7 4. a4 Nc6 5. O-O a6 6. Bxc6 Bxc6 7. Re1 e6 8. d4 cxd4 9. Nxd4 Nf6 10. Nd2 Qc7 11. c4 Be7 12. b3 O-O 13. Bb2 b6 14. Nxc6 Qxc6 15. Qe2 Nd7 16. Nf3 Qc7 17. Red1 Rfd8 18. Qe3 Rac8 19. Rd2 Qb7 20. Rad1 Nc5 21. e5 dxe5 22. Nxe5 Rxd2 23. Rxd2 Rd8 24. Rxd8+ Bxd8 25. a5 f6 26. Nf3 Qd7 27. axb6 Bxb6 28. b4 Nd3 29. c5 Bxc5 30. bxc5 Nxb2 31. Qc1 Nd3 32. c6 Qc8 33. Qd2 Nc5 34. Nd4 e5 35. Qa2+ Kf8 36. Qa3 exd4 37. Qxc5+ Ke8 38. Qd5 Ke7 39. Qc5+ Ke8 40. Qd5 Qc7 41. Qg8+ Ke7 42. Qxg7+ Kd6 43. Qxf6+ Kd5 44. Qf3+ Kc5 45. Qa3+ Kb5 46. Qb2+ Kc5 47. Qa3+ Kb5 48. Qd3+ 1/2-1/2

[Event "41st Nezhmetdinov Memorial 2019"]
[Site "Kazan"]
[Date "2019.06.02"]
[Round "3.9"]
[White "Gubajdullin, Alexei"]
[Black "Nozdrachev, Vladislav"]
[Result "0-1"]
[ECO "A45"]
[WhiteElo "2347"]
[BlackElo "2481"]
[Annotator "ChessBase"]
[PlyCount "100"]
[EventDate "2019.05.31"]
[EventType "swiss"]
[EventCountry "RUS"]
[SourceTitle "playchess.com"]
[Source "ChessBase"]
[SourceQuality "1"]
[TimeControl "5400+30"]

1. d4 Nf6 2. Bf4 e6 3. e3 b6 4. h3 Bb7 5. Nf3 Bd6 6. Bxd6 cxd6 7. Nbd2 O-O 8. Bd3 d5 9. O-O d6 10. c3 Nbd7 11. a4 a6 12. Ne1 Qe7 13. a5 b5 14. Nc2 Ne4 15. f3 Ng3 16. Re1 f5 17. Nb4 e5 18. Bc2 Kh8 19. Bb3 Nf6 20. Kh2 Ngh5 21. f4 g6 22. Nf3 e4 23. Nd2 Rg8 24. g4 fxg4 25. hxg4 g5 26. f5 Nf4 27. Rh1 h5 28. Kg1 Nd3 29. Nxd3 exd3 30. Qf3 Rae8 31. Nf1 Qe4 32. Qxe4 Rxe4 33. Bd1 Re7 34. Ng3 h4 35. Nf1 Re4 36. Bf3 Nxg4 37. Bxe4 dxe4 38. b3 Bd5 39. c4 bxc4 40. bxc4 Bxc4 41. Rb1 Rf8 42. Nd2 d5 43. Rh3 Rxf5 44. Rf1 Rxf1+ 45. Kxf1 Kg7 46. Ke1 Kf7 47. Nxc4 dxc4 48. Kd2 Nf6 49. Rh1 Nd5 50. Rf1+ Ke6 0-1

[Event "41st Nezhmetdinov Memorial 2019"]
[Site "Kazan"]
[Date "2019.06.02"]
[Round "3.10"]
[White "Belyakov, Bogdan"]
[Black "Ponfilenok, Vladimir"]
[Result "1-0"]
[ECO "C15"]
[WhiteElo "2483"]
[BlackElo "2346"]
[Annotator "ChessBase"]
[PlyCount "101"]
[EventDate "2019.05.31"]
[EventType "swiss"]
[EventCountry "RUS"]
[SourceTitle "playchess.com"]
[Source "ChessBase"]
[SourceQuality "1"]
[TimeControl "5400+30"]

1. e4 e6 2. d4 d5 3. Nc3 Bb4 4. Nge2 dxe4 5. a3 Bxc3+ 6. Nxc3 Nc6 7. d5 exd5 8. Qxd5 Be6 9. Qxe4 Nf6 10. Qh4 Qe7 11. Be3 O-O-O 12. Be2 Nd5 13. Qxe7 Ndxe7 14. O-O Nf5 15. Bf4 Nfd4 16. Bd3 Bf5 17. Bxf5+ Nxf5 18. Rfd1 Nfd4 19. Rac1 Rd7 20. Kf1 Rhd8 21. f3 Ne6 22. Rxd7 Rxd7 23. Be3 Ncd4 24. Kf2 Nf5 25. g4 Nxe3 26. Kxe3 c5 27. Ne4 Kc7 28. h4 Kc6 29. c4 a5 30. h5 Nd4 31. g5 f5 32. Nc3 Re7+ 33. Kf2 Re6 34. Rd1 Kd7 35. Rd2 Ke8 36. Nd5 Kd7 37. b4 axb4 38. axb4 Kc6 39. b5+ Kd6 40. Ra2 Re8 41. Nf4 Kc7 42. Ra1 Kd6 43. h6 g6 44. Ra7 Rb8 45. Ra2 Rh8 46. Ra1 Re8 47. Ra3 Ne6 48. Re3 Re7 49. Nd5 Rf7 50. f4 Nf8 51. Re8 {Kxd5} 1-0

[Event "41st Nezhmetdinov Memorial 2019"]
[Site "Kazan"]
[Date "2019.06.03"]
[Round "4.4"]
[White "Nozdrachev, Vladislav"]
[Black "Yatzenko, Anton"]
[Result "1-0"]
[ECO "C55"]
[WhiteElo "2481"]
[BlackElo "2354"]
[Annotator "ChessBase"]
[PlyCount "115"]
[EventDate "2019.05.31"]
[EventType "swiss"]
[EventCountry "RUS"]
[SourceTitle "playchess.com"]
[Source "ChessBase"]
[SourceQuality "1"]
[TimeControl "5400+30"]

1. e4 e5 2. Nf3 Nc6 3. Bc4 Nf6 4. d3 Be7 5. O-O O-O 6. Re1 d6 7. a4 Na5 8. Ba2 c5 9. Na3 Nc6 10. c3 h6 11. Nc4 Be6 12. Ne3 Bxa2 13. Rxa2 d5 14. Qb3 Na5 15. Qc2 Nc6 16. a5 Re8 17. a6 b6 18. Qb3 d4 19. Nc4 Bf8 20. Qa4 Rc8 21. cxd4 Nxd4 22. Ncxe5 Nxf3+ 23. Nxf3 Qxd3 24. e5 b5 25. Qh4 Nd5 26. Qg4 Re6 27. Bxh6 Qb3 28. Raa1 Qb4 29. Re4 Qxb2 30. Rae1 Nc3 31. R4e3 Rd8 32. Bxg7 Bxg7 33. Ng5 Rg6 34. e6 fxe6 35. Qh5 Rxg5 36. Qxg5 Rf8 37. Qg3 Nd5 38. Rxe6 c4 39. R6e5 Qd4 40. h4 c3 41. h5 Kh8 42. R5e4 Qd2 43. Re8 Qf4 44. Rxf8+ Bxf8 45. Qg6 Qf6 46. Qd3 Nf4 47. Qxb5 c2 48. Qc4 Qg5 49. g3 Nh3+ 50. Kg2 Qd2 51. Re8 Qd6 52. Qf7 Nf4+ 53. gxf4 Qc6+ 54. f3 Qxe8 55. Qxe8 c1=Q 56. Qxf8+ Kh7 57. Qf7+ Kh8 58. Qxa7 1-0

[Event "41st Nezhmetdinov Memorial 2019"]
[Site "Kazan"]
[Date "2019.06.04"]
[Round "5.3"]
[White "Frolyanov, Dmitry"]
[Black "Belyakov, Bogdan"]
[Result "1/2-1/2"]
[ECO "C23"]
[WhiteElo "2538"]
[BlackElo "2483"]
[Annotator "RC"]
[PlyCount "80"]
[EventDate "2019.05.31"]
[EventType "swiss"]
[EventCountry "RUS"]
[SourceTitle "playchess.com"]
[Source "ChessBase"]
[SourceQuality "1"]
[TimeControl "5400+30"]

1. e4 e5 2. Bc4 Nc6 3. d3 Nf6 4. Nc3 Na5 5. Nge2 Bc5 6. h3 Nxc4 7. dxc4 d6 8. Qd3 Be6 9. b3 Nd7 10. Be3 a6 11. O-O O-O 12. Na4 Bxe3 13. Qxe3 b6 14. Nac3 a5 15. a4 Nc5 16. Rad1 Qe7 17. Nd5 Bxd5 18. cxd5 Rae8 19. Ng3 g6 20. Rde1 Qh4 21. Qf3 Qf4 22. Re3 Qxf3 23. Rxf3 h5 24. h4 Kg7 25. Re1 Rb8 26. Rfe3 Kf6 27. Ne2 Ke7 28. Nc3 Kd7 29. g3 f5 30. exf5 gxf5 31. f4 e4 32. Nb5 Rbc8 33. Rd1 Ke7 34. Kf2 Kf6 35. Rd4 Ke7 36. Rd1 Kf6 37. Rd4 Ke7 38. Rd1 Kf6 39. Rd4 Ke7 40. Rd1 Kf6 1/2-1/2

[Event "41st Nezhmetdinov Memorial 2019"]
[Site "Kazan"]
[Date "2019.06.04"]
[Round "5.4"]
[White "Yeletsky, Ivan"]
[Black "Iljiushenok, Ilia"]
[Result "1-0"]
[ECO "B23"]
[WhiteElo "2438"]
[BlackElo "2549"]
[Annotator "RC"]
[PlyCount "67"]
[EventDate "2019.05.31"]
[EventType "swiss"]
[EventCountry "RUS"]
[SourceTitle "playchess.com"]
[Source "ChessBase"]
[SourceQuality "1"]
[TimeControl "5400+30"]

1. e4 c5 2. Nc3 a6 3. Nge2 e6 4. g3 b5 5. d4 cxd4 6. Nxd4 Bb7 7. Bg2 b4 8. Na4 Nf6 9. c4 Bxe4 10. Bxe4 Nxe4 11. Qf3 f5 12. g4 Qf6 13. Be3 g6 14. O-O-O Bg7 15. gxf5 gxf5 16. Rhg1 O-O 17. Ne2 Nc6 18. Nf4 Ne5 19. Qe2 Qh4 20. Nh5 Ng6 21. Nxg7 Kxg7 22. Nb6 Rad8 23. f3 Qh5 24. Nxd7 Rfe8 25. Qf1 Re7 26. Ne5 Rxd1+ 27. Qxd1 Nf6 28. Qd6 Ng8 29. Bd4 Qh6+ 30. Kb1 Kf8 31. Qd8+ Re8 32. Qd6+ Re7 33. Bc5 Kg7 34. Qd4 1-0

[Event "41st Nezhmetdinov Memorial 2019"]
[Site "Kazan"]
[Date "2019.06.04"]
[Round "5.5"]
[White "Faizrakhmanov, Ramil"]
[Black "Khanin, Semen"]
[Result "1-0"]
[ECO "E11"]
[WhiteElo "2421"]
[BlackElo "2529"]
[Annotator "RC"]
[PlyCount "187"]
[EventDate "2019.05.31"]
[EventType "swiss"]
[EventCountry "RUS"]
[SourceTitle "playchess.com"]
[Source "ChessBase"]
[SourceQuality "1"]
[TimeControl "5400+30"]

1. d4 Nf6 2. c4 e6 3. Nf3 Bb4+ 4. Bd2 Bxd2+ 5. Qxd2 O-O 6. Nc3 d5 7. e3 Qe7 8. cxd5 exd5 9. Bd3 c6 10. Qc2 Nbd7 11. O-O Re8 12. Nd2 Nf8 13. h3 Ne6 14. Nf3 g6 15. a3 Ng7 16. b4 Bf5 17. b5 cxb5 18. Bxf5 Nxf5 19. Nxb5 Rac8 20. Qd3 Ne4 21. Nxa7 Rc3 22. Qb1 Ng5 23. Nxg5 Qxg5 24. Qd1 Re4 25. Kh2 Nh4 26. Rg1 Qf6 27. Qd2 Rxa3 28. Rxa3 Qd6+ 29. Kh1 Qxa3 30. Nb5 Qb3 31. Nc3 Re6 32. Rb1 Qc4 33. Ne2 Ra6 34. Rxb7 Ra2 35. Rb2 Ra1+ 36. Kh2 Qc7+ 37. Ng3 Nf5 38. Qc2 Nxg3 39. fxg3 Qxc2 40. Rxc2 Re1 41. g4 Rxe3 42. Rc5 Kf8 43. Rxd5 Ke7 44. Kg1 Re4 45. Kf2 Ke6 46. Rd8 Ke7 47. Kf3 f5 48. gxf5 gxf5 49. Rh8 Rxd4 50. Rxh7+ Kf6 51. Rh8 Rd3+ 52. Ke2 Ra3 53. Rd8 Kg5 54. Rd3 Ra1 55. Kf3 Rf1+ 56. Kg3 f4+ 57. Kh2 Kf5 58. Ra3 Ke4 59. Ra4+ Kf5 60. Ra5+ Ke4 61. Ra4+ Kf5 62. Rb4 Ke5 63. Rb5+ Ke4 64. h4 f3 65. Rb4+ Kf5 66. g3 Kg6 67. Rf4 Kh5 68. Rf5+ Kg6 69. Rf8 Kh5 70. Rf4 Kg6 71. Kh3 Kh6 72. Kg4 f2 73. Kh3 Kh5 74. Kg2 Ra1 75. Rxf2 Ra4 76. Rf5+ Kg6 77. Rb5 Rc4 78. Kh3 Ra4 79. Rb6+ Kg7 80. h5 Rc4 81. g4 Ra4 82. Kh4 Ra5 83. Rb7+ Kh8 84. h6 Ra4 85. Kh5 Ra5+ 86. g5 Kg8 87. Re7 Rb5 88. Kg6 Rb8 89. Re5 Rf8 90. Rb5 Kh8 91. Kh5 Kg8 92. g6 Ra8 93. h7+ Kh8 94. Kh6 1-0

[Event "41st Nezhmetdinov Memorial 2019"]
[Site "Kazan"]
[Date "2019.06.04"]
[Round "5.6"]
[White "Yudin, Sergei"]
[Black "Tokarev, Ilya"]
[Result "0-1"]
[ECO "B13"]
[WhiteElo "2507"]
[BlackElo "2318"]
[Annotator "RC"]
[PlyCount "62"]
[EventDate "2019.05.31"]
[EventType "swiss"]
[EventCountry "RUS"]
[SourceTitle "playchess.com"]
[Source "ChessBase"]
[SourceQuality "1"]
[TimeControl "5400+30"]

1. e4 c6 2. d4 d5 3. exd5 cxd5 4. Bd3 Nc6 5. c3 Qc7 6. Ne2 Bg4 7. O-O Bh5 8. f4 e6 9. Qe1 Bd6 10. Ng3 Nf6 11. Nxh5 Nxh5 12. g3 Nf6 13. Nd2 h5 14. Nf3 Kf8 15. Qe2 Ne7 16. Bd2 g6 17. b3 Nf5 18. c4 Kg7 19. Rac1 Qd8 20. c5 Bc7 21. Be1 Ng4 22. Bc3 h4 23. Nxh4 Rxh4 24. gxh4 Qxh4 25. Bxf5 exf5 26. Be1 Qh8 27. Bg3 Re8 28. Qd3 Re3 29. Qd2 Ba5 30. Qb2 Rd3 31. Be1 Rd2 0-1

[Event "41st Nezhmetdinov Memorial 2019"]
[Site "Kazan"]
[Date "2019.06.05"]
[Round "6.9"]
[White "Makhmutov, Rail"]
[Black "Svetushkin, Dmitry"]
[Result "1/2-1/2"]
[ECO "E20"]
[WhiteElo "2411"]
[BlackElo "2536"]
[Annotator "RC"]
[PlyCount "112"]
[EventDate "2019.05.31"]
[EventType "swiss"]
[EventCountry "RUS"]
[SourceTitle "playchess.com"]
[Source "ChessBase"]
[SourceQuality "1"]
[TimeControl "5400+30"]

1. d4 Nf6 2. c4 e6 3. Nc3 Bb4 4. g3 c5 5. Nf3 Nc6 6. Bg2 Ne4 7. Bd2 Nxd2 8. Qxd2 cxd4 9. Nxd4 O-O 10. Nc2 Be7 11. O-O a6 12. Rad1 Qc7 13. Ne4 Ne5 14. b3 Rb8 15. Nd6 b5 16. cxb5 axb5 17. Ne3 Ba6 18. Qd4 Ng6 19. Rd2 Rb6 20. Ne4 d5 21. Rc2 Qa7 22. Nc5 b4 23. Nd7 Rfb8 24. Nxb6 Rxb6 25. Ng4 Qb8 26. Rfc1 h5 27. Ne3 Bf6 28. Qd2 h4 29. Rc6 Rxc6 30. Rxc6 Bc3 31. Qc2 Bb5 32. Rxe6 fxe6 33. Qxg6 Qe8 34. Qg4 hxg3 35. hxg3 Bd7 36. Bh3 Qa8 37. Qg6 Qc6 38. Bg4 Kf8 39. Bh5 Ke7 40. Qf7+ Kd8 41. a3 bxa3 42. Qf8+ Kc7 43. Qxa3 Qb6 44. Bf3 Bd4 45. Ng4 Qd6 46. Qa5+ Qb6 47. Qd2 Qc5 48. Qf4+ Kb7 49. e4 Qc7 50. exd5 Qxf4 51. gxf4 Kc7 52. Ne3 Kd6 53. Nc4+ Kc5 54. dxe6 Bxe6 55. Be2 Bxc4 56. Bxc4 Bf6 1/2-1/2

[Event "41st Nezhmetdinov Memorial 2019"]
[Site "Kazan"]
[Date "2019.06.05"]
[Round "6.10"]
[White "Makoveev, Ilya"]
[Black "Belyakov, Bogdan"]
[Result "0-1"]
[ECO "B29"]
[WhiteElo "2304"]
[BlackElo "2483"]
[Annotator "RC"]
[PlyCount "162"]
[EventDate "2019.05.31"]
[EventType "swiss"]
[EventCountry "RUS"]
[SourceTitle "playchess.com"]
[Source "ChessBase"]
[SourceQuality "1"]
[TimeControl "5400+30"]

1. Nf3 c5 2. e4 Nf6 3. e5 Nd5 4. Nc3 e6 5. Nxd5 exd5 6. d4 Nc6 7. dxc5 Bxc5 8. Qxd5 d6 9. exd6 Qb6 10. Bc4 Bxf2+ 11. Kf1 O-O 12. Qb5 Bc5 13. Qxb6 axb6 14. Bf4 Be6 15. Bb3 Bxb3 16. cxb3 Rfd8 17. Ke2 Bxd6 18. Bxd6 Rxd6 19. Rhd1 Rxd1 20. Kxd1 f5 21. Kd2 Kf7 22. Kc3 Kf6 23. Kc4 Ra5 24. b4 Ne5+ 25. Kc3 Rd5 26. Nd4 g5 27. a4 f4 28. Rf1 Ng4 29. h3 Ne3 30. Rg1 h5 31. g3 fxg3 32. Rxg3 Rxd4 33. Rxe3 Rh4 34. a5 b5 35. Rf3+ Ke6 36. Re3+ Kd6 37. Rd3+ Kc6 38. Rf3 Rf4 39. Rxf4 gxf4 40. Kd4 f3 41. Ke3 Kd5 42. Kxf3 Kc4 43. Kg3 Kxb4 44. Kh4 Kb3 45. Kxh5 Kxb2 46. h4 b4 47. Kg5 b3 48. h5 Ka2 49. h6 b2 50. h7 b1=Q 51. h8=Q Qb5+ 52. Kf4 Qxa5 53. Qc8 Qd5 54. Qc2+ Ka3 55. Qc1+ Kb4 56. Qe1+ Kc5 57. Qa5+ b5 58. Ke3 Qb3+ 59. Ke2 Qc2+ 60. Ke1 Kc4 61. Qa6 Qd3 62. Qa2+ Kd4 63. Qa7+ Kc3 64. Qa3+ Kc4 65. Qa2+ Kb4 66. Qb2+ Ka4 67. Qa2+ Qa3 68. Qc2+ Qb3 69. Qc6 Qd3 70. Qe8 Ka3 71. Qa8+ Kb2 72. Qg2+ Qc2 73. Qb7 Qc3+ 74. Kd1 Qd4+ 75. Ke1 b4 76. Qg2+ Ka1 77. Qa8+ Kb1 78. Qa4 Qc3+ 79. Kd1 Qc1+ 80. Ke2 Qc2+ 81. Qxc2+ Kxc2 0-1